 Dungeon Sprint DCSS version 0.31-a0-214-gb37851dbb3 (webtiles) character file.

Game seed: 10649392201891065783

617 dialectric the Unseen (level 7, -4/55 HPs)
             Began as a Spriggan Brigand on July 1, 2023.
             Was an Initiate of Dithmenos.
             Slain by Sonja
             ... wielding a +2 short sword of distortion
              (20 damage)
             ... in the Dungeon (Sprint I: "Red Sonja").
             The game lasted 00:01:22 (129 turns).

dialectric the Unseen (Spriggan Brigand)             Turns: 129, Time: 00:01:23

Health: -4/55      AC:  3    Str:  7    XL:     7   Next: 21%
Magic:  8/8        EV: 19    Int: 13    God:    Dithmenos [......]
Gold:   422        SH:  0    Dex: 18    Spells: 6/6 levels left

rFire   . . .        a - +2 dagger
rCold   . . .        (no shield)
rNeg    . . .        b - +0 robe
rPois   .            (helmet restricted)
rElec   .            c - +0 cloak
rCorr   .            (gloves unavailable)
SInv    +            (boots unavailable)
Will    +....        (no amulet) Stlth
                     (no ring)
HPRegen 0.29/turn    (no ring)
MPRegen 0.11/turn

%: no teleportation
@: berserking (expiring), very quick
A: very small, no large weapons, unfitting armour, see invisible, speed 3
a: Renounce Religion


You were in the Dungeon.
You worshipped Dithmenos.
Dithmenos was noncommittal.
You visited 1 branch You collected 422 gold pieces.

Inventory:

Hand Weapons
 a - a +2 dagger (weapon)
Missiles
 d - 9 poisoned darts
Armour
 b - a +0 robe (worn)
 c - a +0 cloak (worn)
Wands
 l - a wand of paralysis (8)
Scrolls
 k - a scroll of blinking
 o - a scroll of fog {unknown}
Potions
 f - a potion of curing
 h - a potion of haste
 i - 2 potions of magic
 m - a potion of cancellation {unknown}
 n - a potion of mutation {unknown}


   Skills:
 + Level 4.1 Fighting
 + Level 5.5 Short Blades
 - Level 2.5 Throwing
 + Level 4.0 Dodging
 + Level 20.9 Stealth


You had 6 spell levels left.
You didn't know any spells.
Your spell library was empty.

Dungeon Overview and Level Annotations

Branches:
Dungeon (1/1)

Altars:
Cheibriados
Dithmenos
Elyvilon
Fedhas
Gozag
Hepliaklqana
Kikubaaqudgha
Makhleb
Nemelex Xobeh
Okawaru
Qazlal
Ru
Sif Muna
Trog
Uskayaw
Vehumet
Wu Jian
Xom
Yredelemnul
Zin
The Shining One
Jiyva
Lugonu

Shops:
D *

Annotations:
D Sonja


Innate Abilities, Weirdness & Mutations

You are very small and have problems with some larger weapons.
You are too small for most types of armour.
You have supernaturally acute eyesight. (SInv)
You cover ground extremely quickly. (Speed+++)


Message History

Throw: 3 darts (curare)
Press: ? - help, Q - select action, (/) - cycle Shift-Dir - straight line, f - Sonja
Aim: Sonja, wielding a +2 short sword of distortion and quivering curare-tipped darts (18% to hit)
You throw a curare-tipped dart.
The curare-tipped dart closely misses Sonja.
Sonja barely misses you.
Sonja hits you with a +2 short sword of distortion.
Space warps around you. Sonja hits you but does no damage.
Space warps horribly around you!
Throw: 2 darts (curare)
Press: ? - help, Q - select action, (/) - cycle Shift-Dir - straight line, f/p - Sonja
Aim: Sonja, wielding a +2 short sword of distortion and quivering curare-tipped darts (18% to hit)
You throw a curare-tipped dart. The curare-tipped dart hits Sonja.
Sonja is poisoned.
Sonja convulses.
Sonja seems to slow down.
Sonja is moderately wounded.
Unknown command.
Throw: dart (curare)
Press: ? - help, Q - select action, (/) - cycle Shift-Dir - straight line, f/p - Sonja
Aim: Sonja, wielding a +2 short sword of distortion and quivering curare-tipped darts (moderately wounded, very poisoned, slow, 18% to hit)
You throw a curare-tipped dart.
The curare-tipped dart completely misses Sonja.
Sonja closely misses you. x3
Unknown command.
Unknown command.
Okay, then.
You feel much better. Sonja completely misses you.
Sonja hits you with a +2 short sword of distortion!
Sonja closely misses you.
A red film seems to cover your vision as you go berserk!
You feel yourself moving faster!
You feel mighty!
Sonja gestures wildly while chanting.
Sonja blinks!
You feel a strong urge to attack something.
There is an open door here.
Sonja hits you with a +2 short sword of distortion!
Sonja hits you with a +2 short sword of distortion.
* * * LOW HITPOINT WARNING * * *
Space warps horribly around you!!
You die...

######################
#<.#.)'..#.)'..#__#..+
#..'..#.)'..#..'..'..#
#..#####'#####'#__####
#..####..#...#.####$:#
#..#__####..##.#§§§§c#
#..#_____##'#_.§§§§§.+
#⌠⌠#_.∩...'.K._#~§~§c#
####_..__##_@#§##+###
#_____###'#.# #######
#.### +$§$+ #$.$#
##(## #+#


You could see Sonja (very poisoned, slow).

Vanquished Creatures
  A slime creature (D)
  Sigmund (D)
  A yak (D)
  An ogre (D)
  A jelly (D)
  Ijyb (D)
6 creatures vanquished.

Notes
Turn   | Place    | Note
-------+----------+-------------------------------------------
     0 | D        | dialectric the Spriggan Brigand began the quest for the
                  | Orb.
     0 | D        | Reached XP level 1. HP: 10/10 MP: 2/2
     2 | D        | Noticed Ijyb
     5 | D        | Killed Ijyb
     6 | D        | Reached skill level 9 in Stealth
     6 | D        | Reached XP level 2. HP: 15/15 MP: 3/3
    10 | D        | Noticed an ogre
    12 | D        | Killed an ogre
    13 | D        | Reached skill level 13 in Stealth
    13 | D        | Reached XP level 3. HP: 19/19 MP: 4/4
    13 | D        | Reached XP level 4. HP: 23/23 MP: 5/5
    23 | D        | Noticed Sigmund
    25 | D        | Killed Sigmund
    26 | D        | Reached skill level 17 in Stealth
    26 | D        | Reached XP level 5. HP: 28/28 MP: 6/6
    26 | D        | Reached XP level 6. HP: 32/32 MP: 7/7
    39 | D        | Found a burning altar of Makhleb.
    39 | D        | Found a shimmering altar of Xom.
    39 | D        | Noticed a slime creature
    40 | D        | Found a viscous altar of Jiyva.
    40 | D        | Found a corrupted altar of Lugonu.
    42 | D        | Killed a slime creature
    43 | D        | Reached skill level 5 in Short Blades
    43 | D        | Reached skill level 19 in Stealth
    60 | D        | Found a shimmering blue altar of Sif Muna.
    61 | D        | Found an ornate altar of the Wu Jian Council.
    62 | D        | Found a radiant altar of Vehumet.
    92 | D        | Noticed a centaur warrior
    93 | D        | Noticed a centaur warrior
   103 | D        | Found Tafapt's General Store.
   103 | D        | Found an ancient bone altar of Kikubaaqudgha.
   103 | D        | Found a stormy altar of Qazlal.
   103 | D        | Found a blossoming altar of Fedhas.
   103 | D        | Found a bloodstained altar of Trog.
   103 | D        | Found an iron altar of Okawaru.
   103 | D        | Found a glowing golden altar of the Shining One.
   103 | D        | Found a glowing silver altar of Zin.
   103 | D        | Found a white marble altar of Elyvilon.
   103 | D        | Noticed a yak
   104 | D        | Found a hazy altar of Hepliaklqana.
   104 | D        | Found a hide-covered altar of Uskayaw.
   104 | D        | Found a basalt altar of Yredelemnul.
   104 | D        | Found an opulent altar of Gozag.
   104 | D        | Found a snail-covered altar of Cheibriados.
   104 | D        | Found a sacrificial altar of Ru.
   104 | D        | Found a shadowy altar of Dithmenos.
   105 | D        | Killed a yak
   106 | D        | Reached skill level 20 in Stealth
   106 | D        | Reached XP level 7. HP: 37/37 MP: 8/8
   106 | D        | Found a sparkling altar of Nemelex Xobeh.
   112 | D        | Became a worshipper of Dithmenos the Shadowed
   120 | D        | Noticed Sonja
   129 | D        | Slain by Sonja

Illustrated notes

Levels and vault maps discovered:
D:        dungeon_sprint_1 [red_sonja_temple_1, red_sonja_temple_small_1]

Skill      XL: |  1  2  3  4  5  6 |
---------------+-------------------+-----
Fighting       | 2 3 4 |  4.1
Stealth        | 9 13 17 20 | 20.9
Short Blades   | 3 4 5 |  5.5
Dodging        | 2 3 4 |  4.0
Throwing       | |  2.5

Action                     |  1- 3 |  4- 6 |  7- 9 || total
---------------------------+-------+-------+-------++-------
  Melee: Dagger            |     2 |     4 |       ||     6
  Throw: Dart              |     1 |       |     3 ||     4
    Use: Potion            |       |       |     2 ||     2
   Stab: Sleeping          |     2 |     4 |       ||     6
 Armour: Robe              |       |       |     1 ||     1
  Dodge: Dodged            |     1 |       |     7 ||     8

Table legend: (Time is in decaauts)
 A = Elapsed time spent in this place.
 B = Non-inter-level travel time spent in this place.
 C = Inter-level travel time spent in this place.
 D = Time resting spent in this place.
 E = Time spent auto-exploring this place.
 F = Levels seen in this place.
 G = Mean time per level.
                   A        B        C        D        E       F      G
               +--------+--------+--------+--------+--------+-----+--------+
         Total |     94 |     94 |      0 |      0 |      0 |   1 |   94.0 |
       Dungeon |     94 |     94 |      0 |      0 |      0 |   1 |   94.0 |
               +--------+--------+--------+--------+--------+-----+--------+

Top non-repeatable levels by time:
       D: 94 daAuts
